 Dungeon Crawl Stone Soup version 0.29-a0-520-gc852659d43 (webtiles) character file.

Game seed: 13420013491046574916

76 hquester1 the Ducker (level 4, -1/23 HPs)
             Began as a Spriggan Fighter on May 31, 2022.
             Slain by Crazy Yiuf
             ... wielding a +4 quarterstaff of chaos
              (24 damage)
             ... on level 2 of the Dungeon.
             The game lasted 00:05:38 (2072 turns).

hquester1 the Ducker (Spriggan Fighter)             Turns: 2072, Time: 00:05:38

Health: -1/23      AC:  2    Str: 18    XL:     4   Next: 12%
Magic:  5/5        EV: 18    Int:  9    God:
Gold:   61         SH:  6    Dex: 16    Spells: 3/3 levels left

rFire   . . .      SeeInvis +   a - +0 rapier
rCold   . . .      Faith    .   c - +0 buckler
rNeg    . . .      Spirit   .   b - +0 robe
rPois   +          Reflect  .   (helmet restricted)
rElec   .          Harm     .   (no cloak)
rCorr   .          Rampage  .   (gloves unavailable)
Will    .....                   (boots unavailable)
Stlth   ++........              (no amulet)
HPRegen 0.07/turn               g - ring of poison resistance
MPRegen 0.09/turn               n - +6 ring of strength

@: mighty, very quick
A: very small, no large weapons, unfitting armour, see invisible, speed 3
a: no special abilities


You were on level 2 of the Dungeon.
You visited 1 branch of the dungeon, and saw 2 of its levels.

You collected 61 gold pieces.

Inventory:

Hand Weapons
 a - a +0 rapier (weapon)
 m - a +1 dagger of holy wrath
Armour
 b - a +0 robe (worn)
 c - a +0 buckler (worn)
Jewellery
 f - a ring of ice
 g - a ring of poison resistance (left hand)
 n - a +6 ring of strength (right hand)
Scrolls
 e - a scroll of teleportation {unknown}
 h - 2 scrolls of identify
 i - a scroll of poison {unknown}
 k - a scroll of immolation {unknown}
 l - 3 scrolls of enchant weapon {unknown}
Potions
 j - 2 potions of curing
 o - a potion of haste {unknown}


   Skills:
 + Level 2.8 Fighting
 + Level 2.9 Short Blades
 + Level 4.6 Dodging
 + Level 2.5 Stealth
 + Level 2.6 Shields


You had 3 spell levels left.
You didn't know any spells.
Your spell library contained the following spells:

 Spells                   Type           Power      Damage    Failure   Level
 Blink                    Tloc           0%         N/A       77%         2
 Static Discharge         Conj/Air       0%         N/A       77%         2
 Lesser Beckoning         Tloc           0%         N/A       94%         3
 Lightning Bolt           Conj/Air       0%         1d11      100%        5
 Manifold Assault         Tloc           0%         N/A       100%        5
 Maxwell's Capacitive Co  Air            0%         ∞         100%        8


Dungeon Overview and Level Annotations

Branches:
Dungeon (2/15)

Altars:

Annotations:
D:2 Crazy Yiuf


Innate Abilities, Weirdness & Mutations

You are very small and have problems with some larger weapons.
You are too small for most types of armour.
You have supernaturally acute eyesight. (SInv)
You cover ground extremely quickly. (Speed+++)


Message History

The bat attacks as you move away! The bat misses you.
You hit the bat.
You kill the bat!
A kobold and a bat come into view.
The kobold shouts!
The bat closely misses you.
You miss the bat. The bat misses you. You block the bat's attack. x2
You closely miss the kobold. The bat closely misses you. The bat hits you.
The kobold hits you with a +0 club.
You puncture the kobold!
You kill the kobold!
The bat closely misses you.
You closely miss the bat. The bat hits you.
You hit the bat.
You kill the bat!
Things that are here:
a +0 club; 3 stones You see here a bat corpse.
Crazy Yiuf shouts!
Crazy Yiuf whimpers, "Adder Orb Guardian wrapper!"
You feel stronger.
n - a +6 ring of strength (right hand) Could not explore, unopened runed door.
You feel very mighty all of a sudden.
You open the door. You closely miss Crazy Yiuf. Crazy Yiuf barely misses you.
Crazy Yiuf twirls on the spot.
Crazy Yiuf drinks a potion.
Crazy Yiuf goes berserk!
You hit Crazy Yiuf.
Crazy Yiuf is lightly wounded.
You block Crazy Yiuf's attack.
You puncture Crazy Yiuf!
Crazy Yiuf is moderately wounded.
Crazy Yiuf completely misses you. Crazy Yiuf closely misses you.
You puncture Crazy Yiuf!
Crazy Yiuf is severely wounded.
You block Crazy Yiuf's attack.
Crazy Yiuf hits you with a +4 quarterstaff of chaos!!
Ouch! That really hurt!
You die...

#.....†.....^..###.##
##########.....# #..# #.....#
##[# ##### #.....# #.# #)..#
#.....# #.> #...# #..)..# ##.
... #.....# #. #g# #.....# #÷
#@## #.....# #. ##.#
#.....###### #.## #...........
##### ##.# #.....###### #...#
##.## #....## #...####### ##...#
#....####### #.........# #....#
#........... #.........# #....#
#.........|.
###.......####....###...........


You could see Crazy Yiuf (berserk).

Vanquished Creatures
  3 adders
  A worm (D:2)
  2 endoplasms
  5 giant cockroaches
  2 goblins (D:2)
  3 hobgoblins (D:1)
  4 jackals (D:2)
  3 kobolds
  4 quokkas (D:1)
  2 ball pythons (D:1)
  9 bats
  A frilled lizard (D:1)
  5 rats
44 creatures vanquished.

Notes
Turn   | Place    | Note
-------+----------+-------------------------------------------
     0 | D:1      | hquester1 the Spriggan Fighter began the quest for the Orb.
     0 | D:1      | Reached XP level 1. HP: 11/11 MP: 2/2
   355 | D:1      | Reached skill level 1 in Stealth
   358 | D:1      | Reached XP level 2. HP: 11/16 MP: 3/3
   538 | D:1      | Found a faded altar of an unknown god.
  1096 | D:1      | Reached XP level 3. HP: 19/19 MP: 4/4
  1398 | D:2      | Found a runed translucent door.
  1399 | D:2      | Noticed Crazy Yiuf
  1614 | D:2      | Identified the +4 whip of Extinguishment {flame, rC+ Will+
                  | Str+3 Int-4}
  1623 | D:2      | Reached XP level 4. HP: 22/23 MP: 5/5
  2072 | D:2      | Slain by Crazy Yiuf

Illustrated notes

Levels and vault maps discovered:
D:1:      lightli_iron_boxes, layout_basic,
          hellmonk_ecumenical_altar_heavens_door
D:2:      layout_basic, uniq_crazy_yiuf_cottage

Skill      XL: |  1  2  3 |
---------------+----------+-----
Stealth        | 1 2 |  2.5
Fighting       | |  2.8
Short Blades   | |  2.9
Dodging        | |  4.6
Shields        | |  2.6

Action                   |  1- 3 |  4- 6 || total
-------------------------+-------+-------++-------
Melee: Rapier            |   122 |    20 ||   142
  Use: Scroll            |     1 |       ||     1
       Potion            |       |     1 ||     1
 Stab: Sleeping          |     3 |       ||     3
Armor: Robe              |    12 |       ||    12
Dodge: Dodged            |    90 |    17 ||   107
Block: Buckler           |    35 |     8 ||    43

Table legend: (Time is in decaauts)
 A = Elapsed time spent in this place.
 B = Non-inter-level travel time spent in this place.
 C = Inter-level travel time spent in this place.
 D = Time resting spent in this place.
 E = Time spent auto-exploring this place.
 F = Levels seen in this place.
 G = Mean time per level.
                   A        B        C        D        E       F      G
               +--------+--------+--------+--------+--------+-----+--------+
         Total |   1659 |   1647 |     12 |    578 |    698 |   2 |  829.5 |
       Dungeon |   1659 |   1647 |     12 |    578 |    698 |   2 |  829.5 |
               +--------+--------+--------+--------+--------+-----+--------+

Top non-repeatable levels by time:
     D:1: 912 daAuts
     D:2: 747 daAuts
